 Dungeon Crawl Stone Soup version 0.17-a0-2127-g1cb09f6 (console) character file.

41 Kellhus the Slasher (level 3, -8/29 HPs)
             Began as a Mummy Chaos Knight on Oct 22, 2015.
             Killed from afar by a smoke demon (37 damage)
             ... with a ball of steam
             ... summoned by the capriciousness of Xom
             ... on level 2 of the Dungeon.
             The game lasted 00:01:42 (1386 turns).

Kellhus the Slasher (Mummy Chaos Knight)            Turns: 1386, Time: 00:01:42

Health: -8/29      AC:  5    Str: 16    XL:     3   Next: 32%
Magic:  3/3        EV: 11    Int: 11    God:    Xom [*.....]
Gold:   73         SH:  0    Dex: 11    Spells: 0 memorised, 2 levels left

rFire  x . .     SeeInvis .     a - +2 short sword (venom)
rCold  + . .     Clarity  .     b - +2 leather armour
rNeg   + + +     SustAt   .     (no shield)
rPois  ∞         Gourm    .     (no helmet)
rElec  .         Spirit   .     (no cloak)
rCorr  .         Warding  .     (no gloves)
rMut   .         Stasis   .     (no boots)
MR     .....                    (no amulet)
Stlth  +.........               (no ring)
                                (no ring)

@: not resistant to hostile enchantments, very unstealthy
A: no food or potions, fire vulnerability, cold resistance 1, negative energy
resistance 3, torment resistance, unbreathing
a: Renounce Religion


You were on level 2 of the Dungeon.
You worshipped Xom.
You were a special plaything of Xom.
You were not hungry.

You visited 1 branch of the dungeon, and saw 2 of its levels.

You collected 73 gold pieces.

Inventory:

Hand Weapons
 a - a +2 short sword of venom (weapon)
 d - a +0 falchion of chaos
Armour
 b - a +2 leather armour (worn)
Magical Staves
 e - an uncursed staff of earth {unknown}
Scrolls
 c - 2 scrolls of noise {unknown}
 f - a scroll of amnesia {unknown}


   Skills:
 - Level 3.0 Fighting
 + Level 3.6 Long Blades
 - Level 1.5 Armour
 - Level 0.7 Dodging


You had 2 spell levels left.
You didn't know any spells.

Dungeon Overview and Level Annotations

Branches:
Dungeon (2/15)

Altars:


Innate Abilities, Weirdness & Mutations

You do not eat or drink.
Your flesh is vulnerable to fire.
You are immune to poison.
Your flesh is cold resistant.
You are immune to negative energy.
You are immune to unholy pain and torment.
You can survive without breathing.


Message History

You see here a bat corpse.
A giant newt comes into view.
A giant newt is nearby!
Found a stone staircase leading down.
The giant newt bites you but does no damage.
You barely miss the giant newt.
The giant newt bites you but does no damage.
You hit the giant newt.
You kill the giant newt!
Found 14 stones.
You see here a giant newt corpse.
As you open the door, it creaks loudly!
There is an open door here.
Xom notices you.
Something forms from out of thin air!
The smoke demon gestures at you. The ball of steam hits you!
The steam scalds you terribly!
Xom thinks this is hilarious!
Ouch! That really hurt!
You die...

#...........##.......##†#...##
#...........##.......##.######
##############.......##.# #
########### #.......##.# ###
#####.........# #..![..###.# #..
....#.........# #......# #.# #..
....#.........# #......# #.# #..
....+.......3.###......###.# #..
....#.........§§@..........####..
....#......................#.....
.....................(....##.....
....#.....................##.....
..!.#............................
....#.....................#######
..........................# #
....#.....................# #
#####.......!.............# #


There were no monsters in sight!

Vanquished Creatures
  An adder (D:2)
  3 giant geckos (D:1)
  A giant cockroach (D:2)
  A hobgoblin (D:1)
  3 jackals (D:1)
  5 kobolds
  4 bats
  4 giant newts
  4 goblins
  4 rats (D:1)
30 creatures vanquished.

Notes
Turn   | Place    | Note
--------------------------------------------------------------
     0 | D:1      | Kellhus the Mummy Chaos Knight began the quest for the Orb.
     0 | D:1      | Reached XP level 1. HP: 18/18 MP: 1/1
   113 | D:1      | XOM: divination: magic mapping
   129 | D:1      | XOM: harmless Summ miscast
   285 | D:1      | Reached XP level 2. HP: 24/24 MP: 2/2
   300 | D:1      | XOM: divination: magic mapping
   426 | D:1      | XOM: mild Fire miscast
   435 | D:1      | XOM: silly message
   516 | D:1      | XOM: silly message
   863 | D:1      | XOM: harmless Divn miscast
  1092 | D:2      | Reached XP level 3. HP: 26/29 MP: 3/3
  1383 | D:2      | XOM: medium Summ miscast
  1384 | D:2      | Noticed a smoke demon
  1386 | D:2      | Killed from afar by a smoke demon

Vault maps used:
D:1:      elethiomel_arrival_quiet

Action                   || total
-------------------------++-------
Melee: Falchion          ||    85
       Short sword       ||    24
